 Dungeon Crawl Stone Soup version 0.30-a0-799-g109b55a442 (webtiles) character file.

Game seed: 7234713982150378844

8 Pimp the Firebug (level 2, -1/21 HPs)
             Began as an Octopode Cinder Acolyte on Feb 21, 2023.
             Was an Elder of Ignis.
             Slain by a quokka (3 damage)
             ... on level 1 of the Dungeon.
             The game lasted 00:01:24 (405 turns).

Pimp the Firebug (Octopode Cinder Acolyte)           Turns: 405, Time: 00:01:25

Health: -1/21      AC:  1    Str: 13    XL:     2   Next: 8%
Magic:  3/3        EV: 12    Int: 16    God:    Ignis [****..]
Gold:   39         SH:  0    Dex:  7    Spells: 3/3 levels left

rFire   + + .      SeeInvis .    a - -1 falchion (flame)
rCold   x . .      Faith    .    (no shield)
rNeg    . . .      Spirit   .    (helmet restricted)
rPois   .          Reflect  .    (no amulet)
rElec   .          Harm     .    b - ring of fire
rCorr   .          Rampage  .    (no ring)
Will    .....                    (no ring)
Stlth   ++                       (no ring)
HPRegen 0.23/turn                (no ring)
MPRegen 0.08/turn                (no ring)
                                 (no ring)
                                 (no ring)

@: no status effects
A: almost no armour, amphibious, 8 rings, camouflage 1, gelatinous body 1,
(nimble swimmer 1), tentacles
a: Renounce Religion, Fiery Armour, Foxfire Swarm, Rising Flame


You were on level 1 of the Dungeon.
You worshipped Ignis.
Ignis was greatly pleased with you.
You visited 1 branch of the dungeon, and saw 1 of its levels.

You collected 39 gold pieces.

Inventory:

Hand Weapons
 a - a -1 falchion of flaming (weapon)
Missiles
 f - 5 poisoned darts (quivered)
Jewellery
 b - a ring of fire (left tentacle)
Scrolls
 d - 2 scrolls of noise {unknown}
 e - a scroll of enchant armour {unknown}
 h - a scroll of silence {unknown}
Potions
 c - a potion of lignification {unknown}
 g - 2 potions of cancellation {unknown}
 i - a potion of heal wounds {unknown}


   Skills:
 + Level 3.1 Fighting
 + Level 3.1 Long Blades
 + Level 0.0 Dodging
 + Level 0.3 Stealth
 + Level 1.2 Spellcasting
 + Level 3.1 Fire Magic


You had 3 spell levels left.
You didn't know any spells.
Your spell library contained the following spells:

 Spells                   Type           Power      Damage    Failure   Level
 Scorch                   Fire           32%        2d7       10%         2


Dungeon Overview and Level Annotations

Branches:
Dungeon (1/15)

Altars:


Innate Abilities, Weirdness & Mutations

You cannot wear most types of armour.
You are amphibious.
You can wear up to eight rings at the same time.
Your skin changes colour to match your surroundings (Stealth+).
Your rubbery body absorbs attacks. (AC +1, EV +1)
((You are camouflaged when in or above water. (Stealth+)))
You have tentacles for arms and can constrict up to eight enemies at once.


Message History

Found 6 boomerangs.
A rat comes into view.
You slash the rat! You burn the rat.
You kill the rat!
Found 3 gold pieces and a leather armour.
You now have 39 gold pieces (gained 3).
An endoplasm comes into view.
A quokka comes into view.
The helpless endoplasm fails to defend itself.
You hit the endoplasm. You burn the endoplasm.
The endoplasm is moderately wounded.
The endoplasm barely misses you.
You hit the endoplasm but do no damage. Your squeeze misses the endoplasm.
The endoplasm is moderately wounded.
The endoplasm freezes you.
You are frozen.
You feel a terrible chill! The endoplasm freezes you.
You are frozen.
You feel a terrible chill! The quokka attacks as you move away!
The quokka barely misses you. The quokka bites you.
You barely miss the quokka. Your grab misses the quokka.
The quokka barely misses you.
You closely miss the quokka. Your grab misses the quokka.
The quokka barely misses you.
You barely miss the quokka. Your grab misses the quokka. The quokka misses you.
The quokka barely misses you.
You closely miss the quokka. Your grab misses the quokka.
You squeeze the quokka.
The quokka is moderately wounded.
The quokka bites you.
* * * LOW HITPOINT WARNING * * *
You completely miss the quokka. Your grab misses the quokka.
The quokka is moderately wounded.
The quokka bites you.
* * * LOW HITPOINT WARNING * * *
The endoplasm jiggles.
Activating: Foxfire Swarm
Press: ? - help, Dir - look around, f - activate Flames leap up around you!
The quokka bites you.
You die...

#. ## ... #..##. ...
#.#..# ... #...#. ...
..... ... ....### ...
#v#...# .....
###v##..# .....
#vv@rJ.## ....
#####v#v#### ...
......vvv####### .#.
#####.####.......# #
......###...######
#### #...........#
..>#####.........#.##
..........#####..#..#
...###....#[[=#..##.#


You could see an endoplasm and a quokka (ally target).

Vanquished Creatures
  A ball python (D:1)
  An endoplasm (D:1)
  A giant cockroach (D:1)
  A goblin (D:1)
  A bat (D:1)
  A kobold (D:1)
  2 rats (D:1)
8 creatures vanquished.

Vanquished Creatures (others)
  16 foxfires (D:1)
16 creatures vanquished.

Grand Total: 24 creatures vanquished

Notes
Turn   | Place    | Note
-------+----------+-------------------------------------------
     0 | D:1      | Pimp the Octopode Cinder Acolyte began the quest for the
                  | Orb.
     0 | D:1      | Reached XP level 1. HP: 16/16 MP: 2/2
   166 | D:1      | Reached XP level 2. HP: 6/21 MP: 3/3
   405 | D:1      | Slain by a quokka

Illustrated notes

Levels and vault maps discovered:
D:1:      heliophobic_arrival_ceremonial_halls, layout_rooms,
          due_unseen_surprise

Action                     || total
---------------------------++-------
  Melee: Falchion          ||    21
         Tentacles         ||     2
 Invoke: Foxfire Swarm     ||     2
   Stab: Sleeping          ||     1
 Armour: Skin              ||     1
  Dodge: Dodged            ||    25

Table legend: (Time is in decaauts)
 A = Elapsed time spent in this place.
 B = Non-inter-level travel time spent in this place.
 C = Inter-level travel time spent in this place.
 D = Time resting spent in this place.
 E = Time spent auto-exploring this place.
 F = Levels seen in this place.
 G = Mean time per level.
                   A        B        C        D        E       F      G
               +--------+--------+--------+--------+--------+-----+--------+
         Total |    407 |    397 |     10 |    164 |    119 |   1 |  407.0 |
       Dungeon |    407 |    397 |     10 |    164 |    119 |   1 |  407.0 |
               +--------+--------+--------+--------+--------+-----+--------+

Top non-repeatable levels by time:
     D:1: 407 daAuts
